 Dungeon Crawl Stone Soup version 0.20-a0-1126-g0f15420 (webtiles) character file.

114 inmateoo the Ruffian (level 4, -1/35 HPs)
             Began as a Demonspawn Fighter on May 17, 2017.
             Killed by divine providence
             ... invoked by an orc priest
              (16 damage)
             ... on level 3 of the Dungeon.
             The game lasted 00:02:18 (2179 turns).

inmateoo the Ruffian (Demonspawn Fighter)           Turns: 2179, Time: 00:02:19

Health: -1/35      AC:  8    Str: 18    XL:     4   Next: 66%
Magic:  4/4        EV:  4    Int:  9    God:
Gold:   119        SH:  8    Dex: 12    Spells: 3/3 levels left

rFire    . . .     SeeInvis .     - Unarmed
rCold    . . .     Gourm    .   b - +0 shield
rNeg     . . .     Faith    .   i - +0 chain mail
rPois    +         Spirit   .   (no helmet)
rElec    .         Reflect  .   (no cloak)
rCorr    .         Harm     .   (no gloves)
MR       .....                  (no boots)
Stlth    ..........             (no amulet)
Regen    0.2/turn               m - ring of poison resistance
MPRegen  0.1/turn               t - ring of stealth

@: no status effects
A: demonic guardian 1, nightstalker 1
a: no special abilities


You were on level 3 of the Dungeon.
You were hungry.

You visited 1 branch of the dungeon, and saw 3 of its levels.

You collected 119 gold pieces.

Inventory:

Armour
 b - a +0 shield (worn)
 i - a +0 chain mail (worn)
Jewellery
 m - a ring of poison resistance (left hand)
 t - a ring of stealth (right hand)
 v - an uncursed ring of flight {unknown}
Wands
 n - a wand of paralysis (18/24)
Scrolls
 f - 3 scrolls of fear {unknown}
 g - a scroll of fog {unknown}
 j - a scroll of enchant weapon {unknown}
 k - a scroll of recharging {unknown}
 l - 2 scrolls of identify {unknown}
 o - a scroll of amnesia {unknown}
 p - 2 scrolls of blinking {unknown}
 q - a scroll of teleportation {unknown}
 s - 2 scrolls of remove curse {unknown}
Potions
 a - a potion of heal wounds {unknown}
 c - 2 potions of might
 e - 3 potions of haste {unknown}
 r - a potion of invisibility {unknown}
 u - a potion of curing {unknown}
Comestibles
 d - a bread ration
 h - 2 royal jellies


   Skills:
 - Level 3.0 Fighting
 - Level 2.6 Armour
 - Level 2.6 Shields
 + Level 4.5 Unarmed Combat


You had 3 spell levels left.
You didn't know any spells.

Dungeon Overview and Level Annotations

Branches:
Dungeon (3/15)

Altars:


Innate Abilities, Weirdness & Mutations

A weak demonic guardian rushes to your aid.
You are slightly more attuned to the shadows.


Message History

What are your orders? t - Shout!
Orders for allies: a - Attack new target. r - Retreat! s - Stop attacking. g - Guard the area. f - Follow me.
Anything else - Cancel.
Gang up on whom?
Press: ? - help, Dir - move target cursor, f - orc priest
Aim: an orc priest Attack!
The orc priest misses your iron imp.
Your iron imp closely misses the orc priest.
The orc priest invokes the aid of Beogh against you.
Beogh smites you!
Your iron imp closely misses the orc priest.
The orc priest hits your iron imp but does no damage.
Your iron imp hits the orc priest.
The orc priest hits your iron imp but does no damage.
The orc priest calls down the wrath of Beogh upon you.
Beogh smites you!
You die...

############.#
#.# #(# #.#
#.# #.# #.#
#.# #@# #.#
#.# #.# #5#
#5# #o# #.#
o.#


You could see an orc priest, a friendly iron imp and a friendly ufetubus.

Vanquished Creatures
  3 adders (D:2)
  2 oozes
  A worm (D:2)
  2 dart slugs (D:1)
  3 leopard geckos (D:2)
  2 ball pythons (D:1)
  9 bats
  5 giant cockroaches
  6 goblins
  9 hobgoblins
  3 jackals (D:1)
  6 kobolds
  4 frilled lizards
  9 rats
64 creatures vanquished.

Vanquished Creatures (collateral kills)
  An orc (D:3)
1 creature vanquished.

Grand Total: 65 creatures vanquished

Notes
Turn   | Place    | Note
-------+----------+-------------------------------------------
     0 | D:1      | inmateoo the Demonspawn Fighter began the quest for the Orb.
     0 | D:1      | Reached XP level 1. HP: 18/18 MP: 1/1
    21 | D:1      | Reached skill level 2 in Unarmed Combat
   151 | D:1      | Gained mutation: A weak demonic guardian rushes to your aid. [demonic ancestry]
   151 | D:1      | Reached XP level 2. HP: 13/24 MP: 2/2
   454 | D:1      | Reached skill level 3 in Unarmed Combat
   747 | D:1      | Reached XP level 3. HP: 28/29 MP: 3/3
  1267 | D:2      | Reached skill level 4 in Unarmed Combat
  1267 | D:2      | Gained mutation: You are slightly more attuned to the shadows. [demonic ancestry]
  1267 | D:2      | Reached XP level 4. HP: 22/35 MP: 4/4
  2179 | D:3      | Killed from afar by an orc priest

Vault maps used:
D:1:      lemuel_arrival_behind_the_door_small
D:2:      kennysheep_six_static_rooms
D:3:      chequers_ecumenical_altar_island, first_bread, minivault_23,
          grunt_gozag_breadcrumbs

Skill      XL: |  1  2  3 |
---------------+----------+-----
Unarmed Combat | 2 3 4 |  4.5
Fighting       | |  3.0
Armour         | |  2.6
Shields        | |  2.6

Action                   |  1- 3 |  4- 6 || total
-------------------------+-------+-------++-------
Melee: Unarmed           |   236 |   117 ||   353
Evoke: Wand              |     1 |       ||     1
 Stab: Paralysed         |     3 |       ||     3
  Eat: Chunk             |     1 |     3 ||     4
Armor: Scale mail        |    67 |       ||    67
       Chain mail        |    92 |    72 ||   164
Dodge: Dodged            |    48 |    15 ||    63
Block: Shield            |   121 |    46 ||   167
